General information
- name: BNet
- type: Ladder 1vs1/FFA
- host: Battle.net
- saver: i)KiLLa
map: LostTemple
- players: 2
- length: 19:57
- speed: Fast
- version: 1.26 W3XP
- replay type: Public
» download(64 KB)
Players
team 1 (loser)
earth_panda (
yellow | 72 APM | 1431 actions | 19:56)
3 Death Knight
2 Death Coil
1 Unholy Aura
3 Lich
2 Frost Nova
1 Frost Armor
1 Dreadlord
1 Sleep
» actions
| Assign group hotkey | 137 | |
| Build / train | 63 | |
| ESC pressed | 7 | |
| Enter build submenu | 20 | |
| Enter hero's abilities submenu | 7 | |
| Right click | 640 | |
| Select / deselect | 311 | |
| Select group hotkey | 155 | |
| Use ability | 90 | |
1431 total
» units
| Acolyte | 11 | |
| Ghoul | 3 | |
| Crypt Fiend | 19 | |
| Obsidian Statue | 6 | |
39 total
» upgrades
| Web | 1 | |
| Creature Attack | 1 | |
| Destroyer Form | 1 | |
3 total
» buildings
| Crypt | 1 | |
| Graveyard | 2 | |
| Ziggurat | 8 | |
| Altar of Darkness | 1 | |
| Tomb of Relics | 1 | |
| Nerubian Tower | 2 | |
| Halls of the Dead | 2 | |
| Black Citadel | 1 | |
| Slaughterhouse | 1 | |
| Necropolis | 1 | |
20 total
» build order
00:07 Crypt
00:10 Graveyard
00:11 Graveyard
00:40 Ziggurat
01:01 Altar of Darkness
01:27 Ziggurat
01:40 Tomb of Relics
02:27 Nerubian Tower
02:27 Nerubian Tower
02:32 Ziggurat
04:24 Halls of the Dead
04:24 Halls of the Dead
04:39 Ziggurat
08:26 Black Citadel
09:46 Slaughterhouse
12:54 Ziggurat
12:56 Ziggurat
13:14 Necropolis
14:58 Ziggurat
15:01 Ziggurat
» items
| Rod of Necromancy | 1 | |
| Dust of Appearance | 1 | |
| Orb of Corruption | 1 | |
3 total
team 2 (winner)
i)KiLLa (
teal | 78 APM | 1558 actions | 19:57)
5 Blademaster
2 Wind Walk
3 Critical Strike
4 Shadow Hunter
2 Hex
2 Healing Wave
5 Tauren Chieftain
2 Endurance Aura
3 War Stomp
» actions
| Assign group hotkey | 12 | |
| Basic commands | 9 | |
| Build / train | 59 | |
| ESC pressed | 2 | |
| Enter build submenu | 26 | |
| Enter hero's abilities submenu | 14 | |
| Give item / drop item | 3 | |
| Right click | 709 | |
| Select / deselect | 414 | |
| Select group hotkey | 220 | |
| Use ability | 90 | |
1558 total
» units
| Peon | 8 | |
| Wind Rider | 10 | |
| Goblin Shredder | 1 | |
| Kodo Beast | 1 | |
20 total
» upgrades
| Envenomed Spears | 1 | |
| Armor | 2 | |
| Reinforced Defenses | 1 | |
| Ranged Weapons | 3 | |
| War Drums Damage Increase | 1 | |
8 total
» buildings
| Altar of Storms | 1 | |
| Orc Burrow | 6 | |
| Voodoo Lounge | 1 | |
| War Mill | 1 | |
| Stronghold | 1 | |
| Watch Tower | 6 | |
| Fortress | 1 | |
| Beastiary | 2 | |
| Great Hall | 2 | |
| Spirit Lodge | 1 | |
22 total
» build order
00:06 Altar of Storms
00:16 Orc Burrow
00:40 Voodoo Lounge
01:34 War Mill
02:36 Stronghold
02:51 Watch Tower
03:02 Watch Tower
03:15 Orc Burrow
03:56 Watch Tower
05:15 Fortress
05:39 Beastiary
06:12 Beastiary
07:04 Orc Burrow
07:22 Orc Burrow
11:35 Great Hall
12:28 Orc Burrow
15:20 Great Hall
16:09 Watch Tower
16:10 Watch Tower
16:11 Orc Burrow
17:08 Watch Tower
19:18 Spirit Lodge
» items
| Healing Salve | 4 | |
| Lesser Clarity Potion | 4 | |
| Scroll of Town Portal | 1 | |
| Boots of Speed | 1 | |
| Circlet of Nobility | 1 | |
| Orb of Lightning | 1 | |
12 total
Chat log
(00:15 / All) earth_panda: Let me have win
(00:18 / All) i)KiLLa: why
(00:18 / All) earth_panda: and ill help you
(00:21 / All) i)KiLLa: help me what
(00:26 / All) earth_panda: with my kloaders
(00:44 / All) i)KiLLa: i dont need kloaders
(00:47 / All) earth_panda: ok
(01:19 / All) earth_panda: ill just drophack u then
(01:27 / All) i)KiLLa: nerd
(01:43 / All) i)KiLLa: 2015 & using bots because you care about stats
(01:49 / All) i)KiLLa: pretty nerdy
(02:19 / All) earth_panda: Who did u steal that build from
(02:22 / All) earth_panda: kodos forsaken
(02:22 / All) earth_panda: rofl
(02:34 / All) i)KiLLa: why do you need to cheat in a 13 year old game
(03:10 / All) i)KiLLa: dumb nerd
(03:18 / All) earth_panda: Are you mad trash
(03:25 / All) i)KiLLa: no im fine
(03:28 / All) earth_panda: tech towers
(03:34 / All) i)KiLLa: i dont need to cheat at a 13 year old video game because im not mad
(04:16 / All) i)KiLLa: dumb nerd
(05:35 / All) i)KiLLa: dumb nerd
(07:24 / All) earth_panda: LOL WYVERNS
(07:24 / All) earth_panda: LOL
(07:25 / All) earth_panda: LOLASDOJASID
(07:26 / All) earth_panda: LOL
(07:28 / All) i)KiLLa: calm down nerd
(07:56 / All) i)KiLLa: dumb nerd
(08:49 / All) earth_panda: so funny\
(08:53 / All) i)KiLLa: calm down nerd
(11:19 / All) i)KiLLa: no nerd
(13:20 / All) earth_panda: 2 bad u suck
(13:23 / All) i)KiLLa: nigger you cheat
(13:55 / All) i)KiLLa: dumb dcheating nerd
(14:02 / All) earth_panda: are u mad
(14:04 / All) i)KiLLa: no
(14:07 / All) i)KiLLa: why would i be mad
(14:08 / All) i)KiLLa: i dont chdeat
(14:12 / All) earth_panda: U sure ?
(14:15 / All) i)KiLLa: im sure nerd
(14:18 / All) i)KiLLa: you cheat & you're mad about it
(14:58 / All) i)KiLLa: poor nerd uses every cheat & still sucks
(15:33 / All) i)KiLLa: you're going to die here
(15:49 / All) i)KiLLa: stupid nerd
(15:55 / All) i)KiLLa: coil it
(15:57 / All) i)KiLLa: too slow
(15:59 / All) i)KiLLa: get mad
(16:05 / All) i)KiLLa: you're awful even with hacks
(16:12 / All) earth_panda: |lol
(16:16 / All) earth_panda: stalk kodos strats
(16:17 / All) i)KiLLa: get mad nerd
(16:17 / All) earth_panda: u still suck
(16:20 / All) i)KiLLa: you cheat & still suck
(16:22 / All) i)KiLLa: at least im legit
(16:24 / All) i)KiLLa: get mad
(16:27 / All) earth_panda: sure u are
(16:27 / All) earth_panda: Lol
(16:37 / All) i)KiLLa: just because yo ucheat at an old game doesnt mean everyone else is as desperate & pathetic
(16:40 / All) i)KiLLa: begging for the win at the start
(16:43 / All) i)KiLLa: too mad to play
(17:46 / All) i)KiLLa: get mad at the kodos strategy then lose to it lol
(17:51 / All) i)KiLLa: such a nerd
(18:12 / All) earth_panda: come end it
(18:14 / All) i)KiLLa: why
(18:15 / All) earth_panda: mr legit
(18:24 / All) i)KiLLa: do you not know how to play this game at all?
(18:29 / All) i)KiLLa: oh wait
(18:29 / All) earth_panda: no
(18:30 / All) i)KiLLa: you cheat
(18:34 / All) i)KiLLa: fucking idiot
(18:37 / All) i)KiLLa: games 13 years old
(18:47 / All) earth_panda: u cheat
(18:47 / All) earth_panda: Lol
(18:51 / All) i)KiLLa: yes thats why i walked away at first
(18:59 / All) i)KiLLa: i need maphack to know that an idiot would try to expand in the same spot
(19:01 / All) i)KiLLa: im as stupid as you
(19:02 / All) i)KiLLa: lol
(19:24 / All) i)KiLLa: youll die
(19:47 / All) i)KiLLa: moron
(19:54 / All) earth_panda: lol
(19:56 / All) i)KiLLa: kill a unit